cohdb
Replays
Latest Replays
All Replays
Popular Replays
Top Player Replays
Match Explorer
How It Works
Community
CoH3 Stats
Reddit
Sign in to upload your games and track your stats! →
Sign in with Steam
Match 42552954
Unlisted
Match 42552954
Overview
Messages
Build Orders
End
Selects Luftwaffe Battlegroup
Selects Luftwaffe Pioneer Support
Fallschirmpioneer Squad Paradrop
Kettenkrad Recon Vehicle
Construct Infanterie Kompanie
MG 42 Machine Gun Team
Fallschirmpioneer Squad Paradrop
Selects Stuka Strafing Run
Construct Luftwaffe Kompanie
Selects Fallschirmjäger Squad Paradrop
Fallschirmjäger Squad Paradrop
Support Elements
Jäger Squad
Wirbelwind Flakpanzer
Stuka Strafing Run
Marder III M Tank Destroyer
Selects Stuka Loiter
Marder III M Tank Destroyer
Fallschirmjäger Squad Paradrop
R.U.C
Team saupiquet
Kyp Durron
NaseMabi
0
0
Comments
sign in to comment!
No comments posted yet!